 Dungeon Crawl Stone Soup version 0.28.0-47-ge53b351184 (webtiles) character file.

Game seed: 3515708575349993263

1436 GigaChad the Basher (level 8, -3/71 HPs)
             Began as a Minotaur Berserker on May 7, 2022.
             Was an Elder of Trog.
             Slain by an orc warrior
             ... wielding a +0 halberd
              (13 damage)
             ... on level 6 of the Dungeon.
             The game lasted 00:15:15 (6692 turns).

GigaChad the Basher (Minotaur Berserker)            Turns: 6692, Time: 00:15:15

Health: -3/71      AC: 12    Str: 29    XL:     8   Next: 45%
Magic:  7/7        EV:  9    Int:  4    God:    Trog [****..]
Gold:   292        SH:  0    Dex: 13    Spells: 7/7 levels left

rFire   . . .      SeeInvis .   e - +1 demon whip (freeze)
rCold   . . .      Faith    .   (no shield)
rNeg    . . .      Spirit   .   o - +0 plate armour
rPois   .          Reflect  .   (helmet restricted)
rElec   .          Harm     .   (no cloak)
rCorr   .          Rampage  .   (no gloves)
Will    .....                   (no boots)
Stlth   ..........              (no amulet)
HPRegen 0.21/turn               h - ring of flight
MPRegen 0.10/turn               x - ring of Lady Luck {Str+6 Dex+2}

@: about to teleport, flying
A: horns 2, retaliatory headbutt
a: Renounce Religion, Berserk, Trog's Hand, Brothers in Arms


You were on level 6 of the Dungeon.
You worshipped Trog.
Trog was greatly pleased with you.
You visited 1 branch of the dungeon, and saw 6 of its levels.
You also visited: Ossuary.

You collected 292 gold pieces.

Inventory:

Hand Weapons
 a - a +0 falchion
 e - a +1 demon whip of freezing (weapon)
Missiles
 i - a throwing net (quivered)
Armour
 b - a +0 animal skin
 n - a +0 chain mail
 o - a +0 plate armour (worn)
Jewellery
 c - a ring of positive energy
 h - a ring of flight (left hand)
 x - the ring of Lady Luck (right hand) {Str+6 Dex+2}
   (You found it on level 5 of the Dungeon)

   [ring of strength]

   Str:       It affects your strength (+6).
   Dex:       It affects your dexterity (+2).
Wands
 s - a wand of paralysis (5)
Scrolls
 g - a scroll of immolation
 q - a scroll of fog
 r - 2 scrolls of identify {unknown}
 t - a scroll of fear {unknown}
 w - a scroll of enchant weapon {unknown}
Potions
 d - a potion of flight {unknown}
 f - a potion of lignification {unknown}
 j - a potion of cancellation {unknown}
 k - 5 potions of curing {unknown}
 l - a potion of ambrosia {unknown}
 p - 3 potions of mutation {unknown}
 u - a potion of haste {unknown}
 v - a potion of berserk rage {unknown}
 z - a potion of heal wounds {unknown}
 A - 2 potions of attraction {unknown}


   Skills:
 + Level 6.5 Fighting
 + Level 4.7 Long Blades
 + Level 8.7 Maces & Flails
 + Level 6.0 Armour
 + Level 3.3 Dodging
 + Level 0.2 Stealth


You had 7 spell levels left.
You didn't know any spells.
Your spell library contained the following spells:

 Spells                   Type           Power      Damage    Failure   Level
 Summon Small Mammal      Summ           0%         N/A       99%         1
 Ensorcelled Hibernation  Hex/Ice        0%         N/A       100%        2
 Passwall                 Tmut/Erth      0%         N/A       100%        2
 Call Canine Familiar     Summ           0%         N/A       100%        3
 Gell's Gravitas          Tloc           0%         N/A       100%        3
 Summon Guardian Golem    Hex/Summ       0%         N/A       100%        3
 Swiftness                Air            0%         N/A       100%        3
 Teleport Other           Tloc           0%         N/A       100%        3
 Animate Dead             Necr           0%         N/A       100%        4
 Borgnjor's Vile Clutch   Necr/Erth      0%         N/A       100%        5
 Death Channel            Necr           0%         N/A       100%        6
 Dispersal                Tloc           0%         N/A       100%        6


Dungeon Overview and Level Annotations

Branches:
Dungeon (6/15)            Ossuary (visited)
 Temple: D:4-7

Altars:

Shops:
D:3 [

Portals:
Sewer: D:3


Innate Abilities, Weirdness & Mutations

You have a pair of horns on your head.
You reflexively headbutt those who attack you in melee.


Message History

The steam dragon breathes steam at you. The ball of steam hits you.
You hear a shout!
You are engulfed in a cloud of scalding steam.
The steam dragon bites the bush.
The steam dragon claws the bush but does no damage.
The steam dragon breathes steam at you. The ball of steam hits you!!
You hear a shout! x2
An orc warrior comes into view. It is wielding a +0 halberd.
The orc warrior shouts!
You whack the steam dragon! You freeze the steam dragon.
Your headbutt misses the steam dragon.
The steam dragon is heavily wounded.
The steam dragon closely misses you. The steam dragon barely misses you.
You whack the steam dragon! You freeze the steam dragon.
The steam dragon is almost dead.
The steam dragon bites you.
The steam dragon claws you but does no damage.
An orc comes into view. It is wielding a +0 war axe.
You hit the steam dragon but do no damage.
Your headbutt misses the steam dragon.
The steam dragon is almost dead.
The steam dragon bites you. The steam dragon barely misses you.
You thrash the steam dragon!! You freeze the steam dragon.
You kill the steam dragon!
Trog accepts your kill.
The bush is engulfed in a cloud of scalding steam.
The orc warrior hits you from afar with a +0 halberd!
Your Armour skill increases to level 6!
An orc comes into view. It is wielding a +0 hand axe.
The orc warrior hits you from afar with a +0 halberd!!
* * * LOW HITPOINT WARNING * * *
The orc shouts!
The orc warrior barely misses you.
You see here a hound corpse.
As you read the scroll of teleportation, it crumbles to dust.
You feel strangely unstable.
The orc warrior hits you from afar with a +0 halberd!
You die...

##....##...P##.##......$....
####..#...P#.8.#......♣...(...
###.(......P##.##P♣...♣P.....<.
#...........P#'#PP.PPP........#
#............P♣...♣P..PP........#
#.............P....P.PPP.P.......
..............♣...♣♣♣...♣......=#
.....#.........[..PPPP.P.P......#
#..#####........@.o...o..).......
.. #..##......o......?.....[.
####.............#........
#........#....##........
#....#...##...#.........
#....#.>......#........#
###.#####..........#...# ###
...........#.<.. ....


You could see an orc warrior and 2 orcs.

Vanquished Creatures
  A steam dragon (D:6)
  An ice beast (D:5)
  An ogre (D:5)
  A phantom (D:5)
  2 elf zombies (Ossuary)
  3 scorpions
  A water moccasin zombie (D:5)
  3 hounds
  3 human zombies (Ossuary)
  3 centaur zombies
  An orc priest (D:4)
  4 iguanas
  Terence (D:2)
  An orc wizard (D:4)
  A hound zombie (Ossuary)
  3 mummies (Ossuary)
  8 adders
  2 river rats (D:3)
  A white imp (D:5)
  2 adder zombies (Ossuary)
  2 worms
  4 orcs
  4 bats
  5 endoplasms
  4 giant cockroaches
  8 goblins
  6 hobgoblins
  5 jackals
  8 kobolds
  6 quokkas
  9 ball pythons
  5 frilled lizards (D:1)
  4 goblin zombies (Ossuary)
  4 hobgoblin zombies (Ossuary)
  2 jackal zombies (Ossuary)
  5 kobold zombies (Ossuary)
  3 quokka zombies (Ossuary)
  5 rats
  3 rat zombies (Ossuary)
135 creatures vanquished.

Vanquished Creatures (others)
  5 plants (D:5)
5 creatures vanquished.

Grand Total: 140 creatures vanquished

Notes
Turn   | Place    | Note
-------+----------+-------------------------------------------
     0 | D:1      | GigaChad the Minotaur Berserker began the quest for the
                  | Orb.
     0 | D:1      | Reached XP level 1. HP: 19/19 MP: 0/0
   240 | D:1      | Reached XP level 2. HP: 27/27 MP: 1/1
  1112 | D:1      | Found a faded altar of an unknown god.
  1567 | D:2      | Noticed Terence
  1573 | D:2      | Killed Terence
  1574 | D:2      | Reached XP level 3. HP: 33/33 MP: 2/2
  1643 | D:2      | Reached skill level 1 in Maces & Flails
  1777 | D:2      | Reached XP level 4. HP: 32/41 MP: 3/3
  2382 | D:3      | Reached skill level 2 in Maces & Flails
  2382 | D:3      | Found a glowing drain.
  2394 | D:3      | Reached ** piety under Trog
  2642 | D:3      | Found Fooma's Antique Armour Boutique.
  2664 | D:3      | Reached skill level 3 in Maces & Flails
  2664 | D:3      | Reached XP level 5. HP: 47/47 MP: 4/4
  3218 | D:4      | Reached skill level 4 in Maces & Flails
  3242 | D:4      | Reached *** piety under Trog
  3306 | D:4      | Reached XP level 6. HP: 46/55 MP: 5/5
  3371 | D:4      | Found a sand-covered staircase.
  3376 | Ossuary  | Entered an ossuary
  3422 | Ossuary  | Reached skill level 5 in Fighting
  3422 | Ossuary  | Reached skill level 5 in Maces & Flails
  4357 | Ossuary  | Reached skill level 6 in Maces & Flails
  4357 | Ossuary  | Reached XP level 7. HP: 45/61 MP: 6/6
  5275 | D:5      | Entered Level 5 of the Dungeon
  5279 | D:5      | Reached **** piety under Trog
  5282 | D:5      | Reached skill level 7 in Maces & Flails
  5442 | D:5      | Reached skill level 5 in Armour
  5447 | D:5      | Reached XP level 8. HP: 19/70 MP: 7/7
  6053 | D:5      | Reached skill level 8 in Maces & Flails
  6188 | D:5      | Identified the ring of Lady Luck {Str+6 Dex+2}
  6692 | D:6      | Slain by an orc warrior

Illustrated notes

Levels and vault maps discovered:
D:1:      dpeg_arrival_central, layout_basic,
          chequers_ecumenical_altar_simple_redux, minmay_lizard_pond
D:2:      minmay_chambers_of_ones, layout_rooms, minmay_quantized, uniq_terence
D:3:      layout_basic, portal_sewer_entry_a, serial_shops, shop
D:4:      layout_cave_pods, enter_ossuary_2
D:5:      layout_loops_ring, serial_bayou_lagoon_b
D:6:      layout_cave_pools, serial_park, serial_park_tiny_1,
          serial_park_tiny_2, serial_park_gazebo [serial_park_minivault_5x5_5],
          serial_park_tiny_2, uniq_sigmund, uniq_blork_the_orc, uniq_pikel

Skill      XL: |  1  2  3  4  5  6  7  8 |
---------------+-------------------------+-----
Long Blades    | 4 |  4.7
Fighting       | 4 5 6 |  6.5
Maces & Flails | 1 3 4 6 7 8 |  8.7
Dodging        | 3 |  3.3
Armour         | 3 4 5 6 |  6.0
Stealth        | |  0.2

Action                   |  1- 3 |  4- 6 |  7- 9 || total
-------------------------+-------+-------+-------++-------
Melee: Falchion          |    14 |       |       ||    14
       Headbutt          |     7 |    35 |    24 ||    66
       Demon whip        |    42 |   183 |   105 ||   330
  Use: Scroll            |       |     6 |     1 ||     7
Armor: Animal skin       |    10 |     3 |       ||    13
       Chain mail        |       |    24 |       ||    24
       Plate armour      |       |    95 |    43 ||   138
Dodge: Dodged            |    30 |    77 |    29 ||   136
